[Event "Titled Tuesday Blitz March 07 Early 2023"]
[White "Tarhan, Adar"]
[Black "Saito, Vinicius"]
[WhiteFideId "34544712"]
[BlackFideId "2113384"]
[WhiteElo "2220"]
[BlackElo "2152"]
[Result "1-0"]
[Round "03"]
[TimeControl "180+2"]
[Date "2023.03.07"]
[WhiteClock "0:01:25"]
[BlackClock "0:01:05"]

1. d4 Nf6 2. Nc3 d5 3. g3 Bf5 4. Bg2 e6 5. Bg5 Be7 6. e3 Nbd7 7. Nge2 h6 8. Bxf6 Nxf6 9. Nf4 a6 10. O-O O-O 11. Rc1 c5 12. Nce2 Rc8 13. c4 Ne4 14. cxd5 exd5 15. dxc5 Bxc5 16. Qxd5 Qxd5 17. Nxd5 Kh8 18. Nec3 Nxc3 19. Nxc3 Rc7 20. Nd5 Rcc8 21. Nc3 b6 22. Bb7 Bd3 23. Bxc8 Bxf1 24. Kxf1 Rxc8 25. Na4 Rc7 26. b4 Bd6 27. Rxc7 Bxc7 28. Ke2 Kg8 29. Kd3 Kf8 30. Kd4 Ke7 31. Kd5 Kd7 32. Nc3 Bd6 33. b5 a5 34. Na4 Bc7 35. Nb2 Bd8 36. a4 Be7 37. Nc4 Bc5 38. Ne5+ Ke7 39. Kc6 1-0


[Site "https://www.chess.com"]

[Event "Titled Tuesday Blitz March 07 Early 2023"]
[White "Aizpurua, Patrick Emilio"]
[Black "Logozar, Elijah"]
[WhiteFideId "6600522"]
[BlackFideId "30963788"]
[WhiteElo "2378"]
[BlackElo "2369"]
[Result "1-0"]
[Round "03"]
[TimeControl "180+2"]
[Date "2023.03.07"]
[WhiteClock "0:01:34"]
[BlackClock "0:02:11"]

1. Nf3 d5 2. c4 d4 3. e3 c5 4. b4 g5 5. bxc5 d3 6. Bb2 f6 7. Nxg5 h5 8. Nf3 e5 9. Qb3 e4 10. Ng5 fxg5 11. Bxh8 Bxc5 12. Nc3 Bf5 13. Qxb7 Nd7 14. Nxe4 Ne7 15. Bxd3 Rb8 16. Qa6 Rb6 17. Qa4 Kf7 18. Bc3 Kg6 19. Ba5 Ne5 20. Nxc5 Nxd3+ 21. Nxd3 Qxd3 22. Bxb6 axb6 23. Rc1 h4 24. h3 g4 25. hxg4 Bxg4 26. Qc2 Qxc2 27. Rxc2 1-0


[Site "https://www.chess.com"]

[Event "Titled Tuesday Blitz March 07 Early 2023"]
[White "Gallegos Diaz, Carlos Alberto"]
[Black "Papp, Levente"]
[WhiteFideId "3900886"]
[BlackFideId "751243"]
[WhiteElo "2362"]
[BlackElo "2380"]
[Result "0-1"]
[Round "03"]
[TimeControl "180+2"]
[Date "2023.03.07"]
[WhiteClock "0:00:04"]
[BlackClock "0:00:25"]

1. e4 e6 2. d3 d5 3. Nd2 Nf6 4. Ngf3 Bc5 5. Be2 Nc6 6. Kf1 e5 7. h3 O-O 8. c3 dxe4 9. Nxe4 Nxe4 10. dxe4 Qe7 11. Bg5 f6 12. Bd2 f5 13. Bg5 Qf7 14. b4 Bb6 15. b5 fxe4 16. bxc6 exf3 17. gxf3 bxc6 18. Be3 e4 19. f4 Be6 20. Bg4 Bc4+ 21. Kg2 Rad8 22. Qa4 Bxe3 23. fxe3 Rd2+ 24. Kg3 h5 25. Bxh5 Qxh5 26. Qxc4+ Kh8 27. Qxc6 Rf6 28. Qa8+ Kh7 29. Qxe4+ Rg6+ 0-1


[Site "https://www.chess.com"]

[Event "Titled Tuesday Blitz March 07 Early 2023"]
[White "Kirillov, Dmitry"]
[Black "Saravana, Krishnan P."]
[WhiteFideId "34180572"]
[BlackFideId "5018382"]
[WhiteElo "2111"]
[BlackElo "2189"]
[Result "0-1"]
[Round "03"]
[TimeControl "180+2"]
[Date "2023.03.07"]
[WhiteClock "0:00:06"]
[BlackClock "0:00:07"]

1. e4 c6 2. d4 d5 3. Nc3 dxe4 4. Nxe4 Bf5 5. Ng3 Bg6 6. Nf3 e6 7. h4 h6 8. Ne5 Bh7 9. c3 Nf6 10. Bd3 Bxd3 11. Qxd3 Qd5 12. Qf3 c5 13. Qxd5 Nxd5 14. dxc5 Bxc5 15. Ne4 Be7 16. Bd2 Nc6 17. Nxc6 bxc6 18. O-O-O a5 19. Kc2 O-O 20. h5 Rfb8 21. Bc1 a4 22. Rhe1 Ra5 23. Rd4 c5 24. Rd3 Rc8 25. Bd2 a3 26. b3 c4 27. bxc4 Rxc4 28. Rd4 Rc8 29. Rb1 Nf6 30. Nxf6+ Bxf6 31. Rd3 Rxh5 32. Rb7 Rhc5 33. Ra7 Rf5 34. f3 Rh5 35. Rxa3 Rh2 36. g4 Bg5 37. Ra7 Rf2 38. Rad7 Bxd2 39. Rxd2 Rxf3 40. R7d3 Rf4 41. Rd4 Rf1 42. Rd8+ Rxd8 43. Rxd8+ Kh7 44. a4 f5 45. gxf5 e5 46. Re8 Rxf5 47. Kd3 Rf4 48. Rxe5 Rxa4 49. c4 Ra3+ 50. Kd4 g5 51. Re6 Ra1 52. c5 Rd1+ 53. Kc4 g4 54. c6 g3 55. Re2 h5 56. Re5 Kg6 57. Re6+ Kg5 58. Re8 Rc1+ 59. Kd5 h4 60. Rg8+ Kf4 61. Kd6 h3 62. Rf8+ Ke3 63. Rh8 h2 64. Rg8 Kf2 65. Rf8+ Kg2 66. Rh8 h1=Q 67. Rxh1 Kxh1 68. c7 Rxc7 69. Kxc7 g2 0-1


[Site "https://www.chess.com"]

[Event "Titled Tuesday Blitz March 07 Early 2023"]
[White "Migot, Tangi"]
[Black "Matveeva, Olga"]
[WhiteFideId "662445"]
[BlackFideId "24107018"]
[WhiteElo "2551"]
[BlackElo "2056"]
[Result "0-1"]
[Round "03"]
[TimeControl "180+2"]
[Date "2023.03.07"]
[WhiteClock "0:00:11"]
[BlackClock "0:01:17"]

1. d4 d5 2. c4 e6 3. Nc3 Nf6 4. Nf3 Be7 5. Bg5 O-O 6. Qc2 Nbd7 7. h4 c5 8. h5 h6 9. Bxf6 Nxf6 10. O-O-O dxc4 11. e4 Qa5 12. e5 Nd5 13. Bxc4 Nb4 14. Qe2 b5 15. Nxb5 Nxa2+ 16. Kb1 Nb4 17. Na3 Rb8 18. Rh3 Nd5 19. Bxd5 exd5 20. Rg3 Qxa3 21. Qd2 Bf5+ 22. Kc1 Qa1# 0-1


[Site "https://www.chess.com"]

[Event "Titled Tuesday Blitz March 07 Early 2023"]
[White "Kopczynski, Michal"]
[Black "Harriott, Tyrell"]
[WhiteFideId "1124200"]
[BlackFideId "2086484"]
[WhiteElo "2212"]
[BlackElo "2107"]
[Result "1-0"]
[Round "03"]
[TimeControl "180+2"]
[Date "2023.03.07"]
[WhiteClock "0:00:09"]
[BlackClock "0:00:08"]

1. e4 e6 2. d4 d5 3. Nc3 f5 4. exf5 exf5 5. Bd3 Nf6 6. Nf3 Bd6 7. Bg5 c6 8. Qd2 O-O 9. O-O-O Qc7 10. Kb1 Ne4 11. Bxe4 fxe4 12. Ne1 a5 13. f3 exf3 14. Nxf3 Bf5 15. Rhf1 b5 16. Rde1 a4 17. Nd1 b4 18. Ne3 Be4 19. Ne5 Nd7 20. N3c4 b3 21. Nxd6 bxc2+ 22. Kc1 Qxd6 23. Nd3 c5 24. Rxf8+ Rxf8 25. dxc5 Nxc5 26. Nb4 Qb6 27. Nxd5 Qb7 28. Nb4 Qxb4 29. Qxb4 Nd3+ 30. Kd2 Nxb4 31. Rxe4 Rf1 32. Kc3 c1=Q+ 33. Bxc1 Nxa2+ 34. Kd2 Nxc1 35. Rxa4 h6 36. Rc4 Nb3+ 37. Kc3 Na5 38. Rc8+ Kh7 39. Rc7 Rf2 40. b4 Rf1 41. Kb2 Rf2+ 42. Ka3 Rxg2 43. bxa5 Rxh2 44. a6 Rh1 45. Rc2 Rh5 46. Ka4 Rf5 47. Rc8 Rf7 48. Kb5 Ra7 49. Kb6 Rxa6+ 50. Kxa6 h5 51. Kb5 Kh6 52. Kc4 h4 53. Kd3 Kh5 54. Ke2 h3 55. Kf2 Kg4 56. Rg8 g5 57. Kg1 Kh4 58. Kh2 Kg4 59. Rh8 Kf4 60. Rxh3 g4 61. Rg3 Kg5 62. Kg2 Kf4 63. Ra3 Kg5 64. Kg3 Kf5 65. Ra4 Kg5 66. Ra5+ Kh6 67. Kxg4 Kg6 68. Ra6+ Kg7 69. Kf5 Kf7 70. Ra7+ Kg8 71. Kf6 Kh8 72. Kg6 1-0


[Site "https://www.chess.com"]

[Event "Titled Tuesday Blitz March 07 Early 2023"]
[White "Melikhov, Evgeny V."]
[Black "Sovetov, Oleksandr"]
[WhiteFideId "4122046"]
[BlackFideId "34105786"]
[WhiteElo "2158"]
[BlackElo "2546"]
[Result "1-0"]
[Round "03"]
[TimeControl "180+2"]
[Date "2023.03.07"]
[WhiteClock "0:00:52"]
[BlackClock "0:00:02"]

1. d4 Nf6 2. c4 e6 3. Nc3 c5 4. d5 exd5 5. cxd5 g6 6. Nf3 d6 7. h3 Bg7 8. e4 O-O 9. Bd3 b5 10. Nxb5 Nxe4 11. Bxe4 Re8 12. Ng5 h6 13. Ne6 Qa5+ 14. Nc3 fxe6 15. O-O Na6 16. Bxg6 Rf8 17. Qh5 Nb4 18. Bxh6 Qc7 19. a3 Bxh6 20. Qxh6 Nxd5 21. Nxd5 exd5 22. Qg5 Qg7 23. Qxd5+ Kh8 24. Qh5+ Kg8 25. Rae1 Bb7 26. Re6 Rf4 27. Rfe1 Rf6 28. Rxf6 Qxf6 29. Qh7+ 1-0


[Site "https://www.chess.com"]

[Event "Titled Tuesday Blitz March 07 Early 2023"]
[White "Liu, Casper"]
[Black "Richter, Paul"]
[WhiteFideId "1454153"]
[BlackFideId "2046350"]
[WhiteElo "2221"]
[BlackElo "2544"]
[Result "1-0"]
[Round "03"]
[TimeControl "180+2"]
[Date "2023.03.07"]
[WhiteClock "0:00:16"]
[BlackClock "0:00:04"]

1. d4 Nf6 2. c4 g6 3. Nc3 Bg7 4. e4 d6 5. h4 h5 6. Nf3 O-O 7. Ng5 c5 8. dxc5 dxc5 9. Be3 Qa5 10. Be2 Nc6 11. O-O Ng4 12. Bd2 Rd8 13. Nd5 Nb4 14. a3 Re8 15. axb4 Qd8 16. bxc5 Bxb2 17. Ra2 Bg7 18. Ba5 b6 19. cxb6 axb6 20. Bxb6 Qd6 21. Bc7 Qc6 22. Nxe7+ Rxe7 23. Rxa8 Rxc7 24. Qd8+ Bf8 25. Bxg4 hxg4 26. Rb1 f6 27. Rbb8 fxg5 28. Rxc8 Qxe4 29. Qxf8+ Kh7 30. Qh8# 1-0


[Site "https://www.chess.com"]

[Event "Titled Tuesday Blitz March 07 Early 2023"]
[White "Szente Varga, Fruzsina"]
[Black "Khumalo, Keith"]
[WhiteFideId "712264"]
[BlackFideId "14319470"]
[WhiteElo "1994"]
[BlackElo "2056"]
[Result "0-1"]
[Round "03"]
[TimeControl "180+2"]
[Date "2023.03.07"]
[WhiteClock "0:00:17"]
[BlackClock "0:01:59"]

1. e4 c5 2. Nf3 d6 3. d4 cxd4 4. Qxd4 Nc6 5. Bb5 Bd7 6. Qd3 Nf6 7. c4 g6 8. Nc3 Bg7 9. O-O O-O 10. h3 a6 11. Bxc6 Bxc6 12. Be3 Qa5 13. Rab1 Rfc8 14. b4 Qd8 15. b5 axb5 16. cxb5 Bd7 17. a4 Be6 18. Rfc1 Qa5 19. Nd4 Nd7 20. Nxe6 fxe6 21. Bd4 Nc5 22. Bxc5 Rxc5 23. Ne2 Rxc1+ 24. Rxc1 Qxa4 25. Rc7 Bf6 26. Rxb7 Rc8 27. g3 Rc4 28. Rb8+ Kg7 29. Nf4 Rxe4 30. b6 Qc6 31. b7 Re1+ 0-1


[Site "https://www.chess.com"]

[Event "Titled Tuesday Blitz March 07 Early 2023"]
[White "Chor, Kevin"]
[Black "Hrabinska, Myroslava"]
[WhiteFideId "2090740"]
[BlackFideId "14109190"]
[WhiteElo "2540"]
[BlackElo "2039"]
[Result "1-0"]
[Round "03"]
[TimeControl "180+2"]
[Date "2023.03.07"]
[WhiteClock "0:00:59"]
[BlackClock "0:00:50"]

1. Nf3 d5 2. d4 Nf6 3. c4 e6 4. Nc3 Be7 5. Bg5 O-O 6. cxd5 exd5 7. e3 c6 8. Bd3 Bg4 9. Qc2 Bxf3 10. gxf3 h6 11. Bh4 c5 12. dxc5 Bxc5 13. Bxf6 Qxf6 14. Nxd5 Qd6 15. O-O-O Nc6 16. Kb1 Kh8 17. Be4 Rad8 18. Rhg1 Ne7 19. Qc3 f6 20. Nxf6 Qxf6 21. Qxc5 Rc8 22. Qd4 Nc6 23. Qxf6 Rxf6 24. Rd7 1-0


[Site "https://www.chess.com"]

[Event "Titled Tuesday Blitz March 07 Early 2023"]
[White "Turzo, Attila"]
[Black "Lauridsen, Jesper Morch"]
[WhiteFideId "704954"]
[BlackFideId "1401890"]
[WhiteElo "2536"]
[BlackElo "2300"]
[Result "1-0"]
[Round "03"]
[TimeControl "180+2"]
[Date "2023.03.07"]
[WhiteClock "0:00:05"]
[BlackClock "0:00:02"]

1. e4 c5 2. Nc3 e6 3. f4 Nc6 4. Nf3 a6 5. g3 b5 6. Bg2 b4 7. Ne2 Bb7 8. O-O d6 9. c3 Nf6 10. d3 Be7 11. h3 O-O 12. g4 bxc3 13. bxc3 c4 14. Ng3 cxd3 15. Qxd3 a5 16. Rd1 Ba6 17. Qe3 d5 18. Kh1 Qc7 19. e5 Nd7 20. Qe1 f6 21. exf6 Bxf6 22. Qxe6+ Kh8 23. Qxd5 Rad8 24. Ba3 Nb6 25. Qf5 Be7 26. Rxd8 Qxd8 27. Bxe7 Nxe7 28. Qc2 Rxf4 29. Ne5 Ng6 30. Nxg6+ hxg6 31. Qxg6 Qh4 32. Qe8+ Kh7 33. Qh5+ Qxh5 34. Nxh5 Nc4 35. Nxf4 1-0


[Site "https://www.chess.com"]

[Event "Titled Tuesday Blitz March 07 Early 2023"]
[White "Sanchez Enriquez, Oscar Gerardo"]
[Black "Afanasieva, Alexandra"]
[WhiteFideId "5106311"]
[BlackFideId "34126926"]
[WhiteElo "2387"]
[BlackElo "1763"]
[Result "0-1"]
[Round "03"]
[TimeControl "180+2"]
[Date "2023.03.07"]
[WhiteClock "0:00:53"]
[BlackClock "0:01:15"]

1. e4 c5 2. Nf3 e6 3. g3 Nc6 4. Bg2 Nf6 5. Qe2 d5 6. d3 dxe4 7. dxe4 Be7 8. O-O O-O 9. e5 Nd5 10. c4 Nb6 11. Rd1 Qc7 12. Nc3 a6 13. Bf4 h6 14. b3 g5 15. Bc1 f5 16. exf6 Bxf6 17. Bb2 Nd4 18. Nxd4 Bxd4 19. Ne4 e5 20. Rf1 Bf5 21. Rae1 Rad8 22. Rd1 Nd7 23. Nc3 Nf6 24. Nd5 Nxd5 25. Bxd5+ Kg7 26. b4 Kg6 27. bxc5 Qxc5 28. Bxd4 exd4 29. Qd2 d3 30. Rfe1 Rfe8 31. Rb1 b5 32. Rxe8 Rxe8 33. Rc1 Re2 0-1


[Site "https://www.chess.com"]

[Event "Titled Tuesday Blitz March 07 Early 2023"]
[White "Olenik Campa, Rudi"]
[Black "laurynaszaveckis"]
[WhiteFideId "14633264"]
[WhiteElo "2249"]
[BlackElo "2289"]
[Result "1-0"]
[Round "03"]
[TimeControl "180+2"]
[Date "2023.03.07"]
[WhiteClock "0:00:34"]
[BlackClock "0:00:04"]

1. e4 d6 2. g3 g6 3. Bg2 Bg7 4. Ne2 Nf6 5. O-O O-O 6. d4 e5 7. c3 Nc6 8. f4 Re8 9. Nd2 Bg4 10. d5 Nb8 11. h3 Bxe2 12. Qxe2 exf4 13. gxf4 Nxd5 14. Qd3 Nf6 15. e5 Nfd7 16. exd6 Nc6 17. dxc7 Qxc7 18. Nf3 Rad8 19. Qc4 Nb6 20. Qb3 Re2 21. Ne5 Nxe5 22. fxe5 Qxe5 23. Bf4 Qc5+ 24. Kh1 Nc4 25. Rad1 Rxd1 26. Rxd1 h6 27. Qxb7 Rxb2 28. Rd8+ Kh7 29. Qxf7 Rb1+ 30. Kh2 Qg1+ 31. Kg3 Qe1+ 32. Kg4 h5+ 33. Kg5 1-0


[Site "https://www.chess.com"]

[Event "Titled Tuesday Blitz March 07 Early 2023"]
[White "Zaksaite, Salomeja"]
[Black "Zarnicki, Pablo"]
[WhiteFideId "12801496"]
[BlackFideId "100137"]
[WhiteElo "2059"]
[BlackElo "2468"]
[Result "0-1"]
[Round "03"]
[TimeControl "180+2"]
[Date "2023.03.07"]
[WhiteClock "0:00:01"]
[BlackClock "0:01:15"]

1. d4 Nf6 2. Nc3 d5 3. Bf4 c6 4. e3 Bf5 5. f3 h5 6. Bd3 Bxd3 7. cxd3 e6 8. Nge2 Bd6 9. Qb3 b6 10. O-O h4 11. Bxd6 Qxd6 12. e4 Qe7 13. Rac1 Nbd7 14. Rfe1 O-O 15. Qd1 Rac8 16. Qd2 Nh5 17. Nf4 Qg5 18. Nce2 dxe4 19. dxe4 e5 20. dxe5 Nxe5 21. Kf2 f5 22. g3 fxe4 23. Qd6 Rce8 24. Qc7 exf3 0-1


[Site "https://www.chess.com"]

[Event "Titled Tuesday Blitz March 07 Early 2023"]
[White "Smith, Garrett L"]
[Black "Bilan, Danila"]
[WhiteFideId "2024829"]
[BlackFideId "24161918"]
[WhiteElo "2271"]
[BlackElo "2182"]
[Result "1-0"]
[Round "03"]
[TimeControl "180+2"]
[Date "2023.03.07"]
[WhiteClock "0:00:14"]
[BlackClock "0:00:11"]

1. e4 c6 2. d4 d5 3. e5 c5 4. Nf3 Nc6 5. c4 e6 6. cxd5 exd5 7. Nc3 Be6 8. Bb5 Qb6 9. a4 a6 10. a5 Qc7 11. Ba4 c4 12. Ng5 Bb4 13. Nxe6 fxe6 14. Qg4 Qf7 15. O-O Ne7 16. Bd2 O-O 17. Rae1 Nf5 18. Bxc6 bxc6 19. Ra1 Rab8 20. Ra2 Rb7 21. Qf4 Qg6 22. Na4 Be7 23. Nb6 Nh4 24. Qg3 Qxg3 25. hxg3 Nf5 26. Bc3 Bd8 27. g4 Ne7 28. Na4 Bc7 29. Nc5 Ra7 30. Nxe6 Rb8 31. f4 Bd8 32. f5 Rab7 33. f6 gxf6 34. exf6 Ng6 35. Raa1 Rf7 36. Rae1 Bxf6 37. Nc5 Ra8 38. Re2 Bg7 39. Ref2 Rxf2 40. Rxf2 Bh6 41. g3 Be3 42. Kg2 Ra7 43. Rf3 Bg5 44. Rf5 h6 45. Ne6 Rb7 46. Nxg5 hxg5 47. Rxg5 Kf7 48. Rf5+ Kg7 49. Kf3 Re7 50. g5 Rb7 51. Kg4 Re7 52. Rf6 Re4+ 53. Kf3 Re7 54. Rxc6 Ra7 55. Rb6 Rf7+ 56. Kg2 Ra7 57. Bb4 Rd7 58. Bc5 Re7 59. Bxe7 Nxe7 60. Rxa6 Nf5 61. Ra7+ Kg6 62. a6 Kxg5 63. Rb7 Kg4 64. a7 Ne3+ 65. Kg1 Kf3 66. a8=Q Nd1 67. Qf8+ Ke3 68. Re7+ Kd3 69. Qf3+ Kc2 70. Re2+ Kb1 71. Qf1 Ka2 72. Qxd1 c3 73. bxc3+ Ka3 74. Qb1 1-0


[Site "https://www.chess.com"]

[Event "Titled Tuesday Blitz March 07 Early 2023"]
[White "Garakov, Mikhael"]
[Black "Zaichenko, Daria"]
[WhiteFideId "4169034"]
[BlackFideId "4197453"]
[WhiteElo "2347"]
[BlackElo "2039"]
[Result "1-0"]
[Round "03"]
[TimeControl "180+2"]
[Date "2023.03.07"]
[WhiteClock "0:01:02"]
[BlackClock "0:01:15"]

1. e4 c5 2. Nf3 Nc6 3. Bb5 g6 4. O-O Bg7 5. Nc3 e6 6. Bxc6 bxc6 7. e5 Ne7 8. d3 Qc7 9. Re1 Nf5 10. Ne4 Bxe5 11. Nxe5 Qxe5 12. Bg5 Qc7 13. g4 Nd4 14. c3 Nb5 15. a4 Nd6 16. Bf4 Qb6 17. Nxd6+ Ke7 18. Nc4 Qb7 19. Bd6+ Ke8 20. Qd2 1-0


[Site "https://www.chess.com"]

[Event "Titled Tuesday Blitz March 07 Early 2023"]
[White "Torres Dominguez, David"]
[Black "Leenhouts, Koen"]
[WhiteFideId "2220857"]
[BlackFideId "1008439"]
[WhiteElo "1999"]
[BlackElo "2409"]
[Result "1/2-1/2"]
[Round "03"]
[TimeControl "180+2"]
[Date "2023.03.07"]
[WhiteClock "0:00:24"]
[BlackClock "0:00:11"]

1. e4 e5 2. Bc4 Nf6 3. Nc3 c6 4. d4 exd4 5. Qxd4 d6 6. Bf4 b5 7. Bb3 c5 8. Qe3 c4 9. e5 dxe5 10. Qxe5+ Qe7 11. Nxb5 Qxe5+ 12. Bxe5 cxb3 13. Nc7+ Kd7 14. O-O-O+ Kc6 15. axb3 Nbd7 16. Bg3 Rb8 17. Nf3 Bc5 18. Nd4+ Bxd4 19. Rxd4 Nh5 20. Rc4+ Kb7 21. Bd6 Nb6 22. Rc5 Rd8 23. Nb5 Nf6 24. Bxb8 Kxb8 25. Rd1 Rxd1+ 26. Kxd1 Ne4 27. Re5 Nxf2+ 28. Ke2 Ng4 29. Re8 Nxh2 30. Nd6 Ng4 31. c4 Kc7 32. c5 Ba6+ 33. Kf3 Nd7 34. Kxg4 Nf6+ 35. Kf5 Nxe8 36. Nxe8+ Kc6 37. b4 Bd3+ 38. Kf4 g6 39. Kg5 Kb5 40. Nd6+ Kxb4 41. c6 Kb3 42. c7 Ba6 43. c8=Q Bxc8 44. Nxc8 a5 45. Nb6 Kxb2 46. Kf6 Kc3 47. Kxf7 Kd4 48. Kg7 Ke3 49. Kxh7 g5 50. Kh6 g4 51. Kh5 Kf2 52. Kxg4 Kxg2 53. Na4 Kf2 54. Kf4 Ke2 55. Ke4 Kd2 56. Kd4 Kc2 57. Kc4 Kd2 58. Kb5 Kd3 59. Kxa5 1/2-1/2


[Site "https://www.chess.com"]

[Event "Titled Tuesday Blitz March 07 Early 2023"]
[White "Kokoszczynski, Jan"]
[Black "Ciuffoletti, Paolo"]
[WhiteFideId "1174460"]
[BlackFideId "807630"]
[WhiteElo "2139"]
[BlackElo "2143"]
[Result "1-0"]
[Round "03"]
[TimeControl "180+2"]
[Date "2023.03.07"]
[WhiteClock "0:01:16"]
[BlackClock "0:00:59"]

1. e4 c5 2. Nf3 Nc6 3. d4 cxd4 4. Nxd4 Nf6 5. Nc3 e5 6. Ndb5 d6 7. Nd5 Nxd5 8. exd5 Nb8 9. a4 Be7 10. Bd2 O-O 11. a5 a6 12. Na3 f5 13. Be2 Nd7 14. Nc4 b5 15. axb6 Nxb6 16. Ba5 Rb8 17. Nxb6 Rxb6 18. Bxb6 Qxb6 19. O-O Qxb2 20. Bxa6 Bxa6 21. Rxa6 Rc8 22. Qd3 Qxc2 23. Qb5 Qc4 24. Qb7 Qc7 25. Qb1 e4 26. h3 Rb8 27. Qa2 Rb6 28. Ra8+ Kf7 29. Qa4 Bf6 30. Qe8# 1-0


[Site "https://www.chess.com"]

[Event "Titled Tuesday Blitz March 07 Early 2023"]
[White "Chabris, Christopher"]
[Black "Decuigniere, Tom"]
[WhiteFideId "2005263"]
[BlackFideId "26093820"]
[WhiteElo "2223"]
[BlackElo "2312"]
[Result "0-1"]
[Round "03"]
[TimeControl "180+2"]
[Date "2023.03.07"]
[WhiteClock "0:00:01"]
[BlackClock "0:00:14"]

1. e4 c5 2. Nf3 g6 3. c3 Nf6 4. e5 Nd5 5. d4 cxd4 6. Qxd4 Nc7 7. Bc4 Nc6 8. Qh4 d6 9. exd6 Qxd6 10. O-O Bg7 11. Bh6 Bxh6 12. Qxh6 Be6 13. Na3 O-O-O 14. Nb5 Nxb5 15. Bxb5 Bd5 16. Bxc6 Qxc6 17. Nd4 Qf6 18. Qe3 a6 19. Rfe1 Rhe8 20. b4 e5 21. Nb3 Kb8 22. Nc5 Qf4 23. Qxf4 exf4 24. f3 Kc7 25. Kf2 Bc4 26. Rxe8 Rxe8 27. Re1 Rxe1 28. Kxe1 Bxa2 29. Nd3 g5 30. Ne5 Kd6 31. Nd3 Bc4 32. Nb2 Kd5 33. Kd2 b6 34. h4 h6 35. hxg5 hxg5 36. Na4 Kc6 37. Nb2 Bf1 38. c4 a5 39. bxa5 bxa5 40. Kc3 Bxg2 41. Nd3 Kd6 42. Kd4 Bxf3 43. c5+ Ke6 44. Ne5 Ba8 45. c6 f6 46. c7 fxe5+ 47. Kc5 Kd7 48. Kb6 e4 0-1


[Site "https://www.chess.com"]

[Event "Titled Tuesday Blitz March 07 Early 2023"]
[White "Fernandez Garcia, Gumersindo"]
[Black "Mohamed, Saeed Laily"]
[WhiteFideId "24516740"]
[BlackFideId "9314946"]
[WhiteElo "2093"]
[BlackElo "1767"]
[Result "0-1"]
[Round "03"]
[TimeControl "180+2"]
[Date "2023.03.07"]
[WhiteClock "0:00:04"]
[BlackClock "0:00:21"]

1. e4 c6 2. d4 d5 3. e5 Bf5 4. h4 h5 5. Bd3 Bxd3 6. Qxd3 e6 7. c3 c5 8. Nf3 Nc6 9. Nbd2 Qb6 10. O-O Nh6 11. dxc5 Bxc5 12. Nb3 Be7 13. Be3 Qc7 14. Bf4 Nf5 15. g3 O-O 16. Nbd4 Ncxd4 17. cxd4 Qb6 18. Bd2 Rfc8 19. Bc3 a5 20. Nd2 Qa6 21. Qf3 g6 22. a4 Bb4 23. Rac1 Nxd4 24. Bxd4 Bxd2 25. Rcd1 Bh6 26. g4 hxg4 27. Qxg4 Qc4 28. h5 Qc2 29. Kh1 Qf5 30. Rg1 Kh7 31. hxg6+ fxg6 32. Qxf5 gxf5 33. Rc1 Bxc1 0-1


[Site "https://www.chess.com"]

[Event "Titled Tuesday Blitz March 07 Early 2023"]
[White "Sokac, Marko"]
[Black "Bashirli, Saadat"]
[WhiteFideId "14531356"]
[BlackFideId "13429990"]
[WhiteElo "2355"]
[BlackElo "1408"]
[Result "1-0"]
[Round "03"]
[TimeControl "180+2"]
[Date "2023.03.07"]
[WhiteClock "0:00:34"]
[BlackClock "0:00:57"]

1. e4 c5 2. a3 g6 3. h4 h5 4. Nf3 Bg7 5. d4 cxd4 6. Nxd4 Nc6 7. Be3 Nf6 8. Nc3 Ng4 9. Nxc6 bxc6 10. Bd4 O-O 11. Bxg7 Kxg7 12. Be2 d6 13. f3 Ne5 14. Qd2 Be6 15. f4 Ng4 16. f5 Bd7 17. Bxg4 hxg4 18. h5 Rh8 19. Qg5 e6 20. f6+ Kg8 21. O-O-O d5 22. hxg6 Rxh1 23. gxf7+ Kxf7 24. Qg7+ Ke8 25. Qg8# 1-0


[Site "https://www.chess.com"]

[Event "Titled Tuesday Blitz March 07 Early 2023"]
[White "Arencibia Monduy, Antonio"]
[Black "Osuna Vega, Enrique"]
[WhiteFideId "3507939"]
[BlackFideId "2219549"]
[WhiteElo "2517"]
[BlackElo "2189"]
[Result "1-0"]
[Round "03"]
[TimeControl "180+2"]
[Date "2023.03.07"]
[WhiteClock "0:00:01"]
[BlackClock "0:00:01"]

1. e4 d6 2. d4 Nf6 3. Nc3 e5 4. Nf3 Nbd7 5. a4 Be7 6. Bc4 O-O 7. O-O a5 8. Re1 c6 9. Bg5 Nb6 10. Bb3 Nfd7 11. Be3 exd4 12. Bxd4 Nc5 13. Bxc5 dxc5 14. Qe2 Qd6 15. e5 Qg6 16. e6 Bxe6 17. Bxe6 fxe6 18. Qxe6+ Qxe6 19. Rxe6 Bf6 20. Ne4 Bxb2 21. Rb1 Nxa4 22. Nfd2 Rfe8 23. Rd6 Rad8 24. Nc4 Rxd6 25. Nexd6 Re2 26. Nxb7 Rxc2 27. Nbxa5 Nc3 28. Re1 Ne2+ 29. Kf1 Nd4 30. Nd6 h6 31. Nac4 Bc3 32. Re8+ Kh7 33. g3 Nb5 34. h4 Nxd6 35. Nxd6 Bd4 36. Rf8 c4 37. h5 c3 38. Ke1 c5 39. Nf7 Bxf2+ 40. Kf1 g5 41. Ne5 1-0


[Site "https://www.chess.com"]

[Event "Titled Tuesday Blitz March 07 Early 2023"]
[White "Kho, Darrell"]
[Black "Lehtosaari, Mauri"]
[WhiteFideId "1019317"]
[BlackFideId "501999"]
[WhiteElo "2171"]
[BlackElo "2516"]
[Result "0-1"]
[Round "03"]
[TimeControl "180+2"]
[Date "2023.03.07"]
[WhiteClock "0:00:09"]
[BlackClock "0:00:07"]

1. e4 d5 2. exd5 Qxd5 3. Nc3 Qe5+ 4. Be2 c6 5. d4 Qc7 6. Nf3 Bf5 7. O-O e6 8. Nh4 Bg6 9. g3 Nf6 10. Bf4 Bd6 11. Bxd6 Qxd6 12. Bf3 Nbd7 13. Re1 O-O 14. Nxg6 hxg6 15. Ne4 Qb4 16. Rb1 Nxe4 17. Rxe4 Nf6 18. Re1 Rfd8 19. c3 Qa5 20. Qb3 Rab8 21. a3 Nd5 22. Re5 Qc7 23. Rbe1 a6 24. Qc2 Ne7 25. h4 Nf5 26. h5 gxh5 27. Bxh5 g6 28. Bg4 Ng7 29. Qd2 c5 30. Qh6 cxd4 31. Kg2 dxc3 32. Rh1 Kf8 33. Qh8+ Ke7 34. Qxg7 Rd6 35. bxc3 Rf8 36. Rhe1 Qd7 37. Rxe6+ Rxe6 38. Rxe6+ Qxe6 39. Bxe6 Rd8 40. Qh6 Kxe6 41. Qe3+ Kd7 42. Kf3 Re8 43. Qd4+ Kc7 44. g4 Re6 45. Qc4+ Kd7 46. Qd5+ Kc7 47. Qxe6 fxe6 48. Ke4 Kd6 49. g5 e5 50. c4 b6 51. a4 Ke6 52. f3 Kd6 53. f4 exf4 54. Kxf4 Kc5 55. Ke5 Kxc4 56. Kf6 b5 57. axb5 axb5 58. Kxg6 b4 59. Kh7 b3 60. g6 b2 61. g7 b1=Q+ 0-1


[Site "https://www.chess.com"]

[Event "Titled Tuesday Blitz March 07 Early 2023"]
[White "lisjakzlatko1"]
[Black "Mammadzada, Gunay"]
[BlackFideId "13403729"]
[WhiteElo "2168"]
[BlackElo "2396"]
[Result "1-0"]
[Round "03"]
[TimeControl "180+2"]
[Date "2023.03.07"]
[WhiteClock "0:01:51"]
[BlackClock "0:00:02"]

1. e4 c5 2. b4 cxb4 3. Bb2 Nc6 4. d4 d5 5. exd5 Qxd5 6. c4 bxc3 7. Nxc3 Qxd4 8. Nd5 Qe4+ 9. Be2 f6 10. Nc7+ Kf7 11. Nxa8 e6 12. Nc7 Bb4+ 13. Kf1 a6 14. Bf3 Qf4 15. Bxc6 bxc6 16. Qd8 Qc4+ 17. Ne2 Ne7 18. Qxh8 1-0


[Site "https://www.chess.com"]